Map: Backwater LE

Players

LiquidTLO (TLO) - Winner!

  • Race: Zerg Zerg
  • Spawn Location: 11:00

PtitDrogo

  • Race: Protoss Protoss
  • Spawn Location: 5:00

Event: WCS Leipzig 2018

VOD

Have the link to the VOD?

Description

Time

  • Played on: Jan. 26, 2018, 1:28 p.m.
  • Length: 21:59

All games in this series

Show
View Real Time Build Order
Export as new Build Order

LiquidTLO Zerg - Winner!

Build Orders: Hatch First, Lurkers, Swarm Host 

Get SALT Encoding   

  12  0:00  Drone  
  13  0:13  Overlord  
  13  0:16  Drone  
  14  0:31  Drone  
  14  0:32  Drone  
  16  0:36  Drone  
  17  0:51  Hatchery  
  17  0:54  Drone  
  17  1:07  Spawning Pool  
  17  1:10  Drone  
  17  1:14  Drone  
  18  1:36  Drone  
  18  1:37  Hatchery  
  18  1:42  Drone  
  18  1:43  Drone  
  20  1:54  Queen  
  22  2:03  Queen  
  22  2:05  Drone  
  25  2:10  Overlord  
  25  2:14  Drone  
  26  2:16  Drone  
  26  2:19  Drone  
  28  2:29  Drone  
  29  2:30  Queen  
  29  2:33  Overlord  
  29  2:35  Drone  
  32  2:42  Queen  
  34  2:47  Zergling x2, Extractor x2  
  34  2:48  Zergling x2  
  34  2:50  Drone  
  35  2:53  Drone  
  35  2:54  Drone  
  35  2:57  Drone  
  38  3:00  Drone  
  38  3:02  Drone  
  40  3:08  Drone x2  
  40  3:11  Drone  
  43  3:13  Drone  
  43  3:14  Drone  
  43  3:16  Overlord  
  45  3:22  Overlord  
  45  3:26  Drone  
  45  3:27  Drone  
  47  3:30  Spore Crawler  
  46  3:38  Baneling Nest  
  46  3:40  Spore Crawler  
  46  3:41  Drone  
  45  3:42  Spore Crawler  
  45  3:44  Drone  
  45  3:45  Drone  
  45  3:46  Drone  
  47  3:49  Drone  
  47  3:51  Drone  
  47  3:53  Drone  
  50  3:56  Metabolic Boost  
  50  3:59  Drone  
  50  4:02  Pneumatized Carapace  
  51  4:07  Drone  
  51  4:09  Drone, Evolution Chamber  
  52  4:10  Drone  
  52  4:13  Drone  
  52  4:14  Drone  
  52  4:16  Drone  
  56  4:17  Drone  
  56  4:18  Drone  
  58  4:26  Overlord  
  58  4:28  Overlord  
  58  4:29  Overlord  
  58  4:34  Overlord  
  58  4:35  Zerg Missile Weapons Level 1  
  58  4:40  Baneling x2, Overlord  
  58  4:45  Zergling x4  
  59  4:46  Drone  
  59  4:47  Zergling x2  
  59  4:48  Zergling x4  
  59  4:50  Drone  
  59  4:51  Zergling x2  
  65  4:53  Lair  
  65  4:56  Drone, Extractor x2  
  65  4:59  Drone, Zergling x2  
  66  5:03  Drone  
  66  5:06  Drone  
  67  5:09  Drone  
  67  5:11  Drone  
  67  5:12  Drone  
  70  5:14  Drone  
  70  5:18  Drone  
  72  5:21  Baneling x2  
  72  5:22  Hatchery  
  72  5:24  Drone x3  
  72  5:25  Drone x3  
  78  5:28  Drone  
  78  5:31  Overlord  
  78  5:32  Extractor  
  78  5:33  Drone  
  78  5:36  Drone  
  78  5:37  Overlord  
  78  5:41  Drone  
  80  5:43  Baneling x4  
  80  5:48  Overlord  
  80  5:49  Extractor  
  79  5:54  Drone  
  79  5:55  Drone, Hydralisk Den  
  79  5:56  Infestation Pit  
  79  6:01  Drone  
  80  6:10  Spore Crawler  
  80  6:11  Drone  
  78  6:19  Overlord  
  78  6:23  Drone x5  
  78  6:24  Drone x3  
  86  6:29  Lurker Den  
  86  6:31  Drone  
  86  6:34  Swarm Host  
  86  6:35  Swarm Host x6  
  86  6:39  Drone  
  108  6:45  Extractor, Zerg Missile Weapons Level 2  
  108  6:47  Hydralisk  
  107  6:49  Drone  
  107  6:52  Hydralisk  
  112  6:56  Hydralisk  
  112  6:57  Hydralisk  
  117  7:01  Drone  
  117  7:14  Muscular Augments  
  117  7:16  Hive  
  117  7:18  Drone x2, Extractor  
  117  7:19  Drone x5  
  117  7:20  Zergling x2  
  125  7:22  Zergling x2  
  125  7:26  Hydralisk  
  125  7:28  Overlord  
  127  7:31  Overlord  
  127  7:33  Overlord  
  127  7:35  Overlord  
  127  7:44  Overlord  
  125  7:47  Hydralisk  
  125  7:49  Overlord x3  
  127  7:51  Overlord x2  
  127  7:53  Zergling x2  
  127  7:54  Zergling x4  
  127  7:56  Hydralisk x4  
  127  7:57  Hydralisk  
  140  8:00  Lurker  
  140  8:01  Lurker x3  
  140  8:02  Overlord  
  140  8:03  Drone  
  145  8:11  Drone, Spine Crawler  
  145  8:12  Spine Crawler x2  
  143  8:14  Lurker x2  
  143  8:15  Drone, Zergling x2  
  143  8:16  Zergling x4  
  149  8:20  Drone  
  149  8:21  Drone, Spire  
  149  8:27  Hydralisk x2  
  150  8:31  Drone  
  155  8:35  Adaptive Talons  
  155  8:40  Hatchery  
  154  8:47  Hydralisk x4  
  162  8:49  Hydralisk  
  162  8:52  Overlord  
  164  8:57  Zergling x2  
  164  9:01  Zergling x4  
  167  9:03  Spore Crawler  
  167  9:04  Spore Crawler  
  167  9:06  Lurker x3  
  167  9:07  Overlord, Lurker  
  167  9:08  Zergling x2, Hydralisk  
  172  9:14  Zergling x2  
  173  9:18  Zerg Missile Weapons Level 3  
  173  9:25  Spine Crawler x2, Hydralisk  
  173  9:26  Spine Crawler  
  173  9:30  Spore Crawler  
  171  9:34  Mutalisk x3  
  177  9:39  Overlord  
  177  9:44  Hydralisk x2  
  175  9:57  Zergling x2  
  163  10:00  Hydralisk  
  163  10:04  Hydralisk  
  163  10:05  Hydralisk  
  164  10:10  Hydralisk  
  164  10:11  Hydralisk  
  164  10:12  Hydralisk  
  151  10:15  Hydralisk  
  151  10:17  Hydralisk x9  
  151  10:20  Drone  
  169  10:21  Hydralisk  
  169  10:22  Drone  
  169  10:24  Drone  
  169  10:26  Drone x9  
  182  10:30  Overlord  
  182  10:35  Extractor  
  182  10:36  Extractor  
  182  10:37  Overseer  
  182  10:38  Hydralisk x3  
  182  10:41  Lurker  
  182  10:42  Lurker  
  182  10:43  Zergling x2  
  182  10:44  Zergling x2  
  182  10:45  Zergling x2  
  182  10:48  Greater Spire  
  182  10:49  Zergling x2  
  180  10:51  Lurker  
  180  10:52  Zergling x2  
  180  10:54  Zergling x2  
  183  10:57  Zergling x2  
  184  11:05  Drone  
  184  11:08  Nydus Network  
  184  11:09  Hydralisk x2  
  188  11:11  Overseer x2  
  188  11:15  Zergling x4  
  190  11:19  Zergling x2  
  190  11:25  Hydralisk x2  
  186  11:36  Zergling x2  
  186  11:38  Hydralisk x2  
  149  11:41  Hydralisk x4  
  149  11:42  Hydralisk  
  149  11:43  Hydralisk x2  
  149  11:44  Hydralisk  
  149  11:45  Baneling  
  149  11:47  Drone, Zergling x2  
  160  11:48  Zergling x4  
  160  11:49  Zergling x4  
  160  11:50  Hydralisk  
  160  11:51  Hydralisk x2  
  160  11:52  Zergling x4  
  160  11:53  Zergling x6  
  174  11:56  Zerg Ground Armor Level 1  
  174  11:57  Nydus Canal  
  174  11:59  Hydralisk  
  174  12:00  Hydralisk  
  178  12:01  Zergling x4  
  178  12:04  Zergling x2, Overseer  
  178  12:07  Queen x2  
  185  12:09  Hydralisk  
  185  12:10  Hydralisk x2  
  185  12:14  Zergling x2  
  185  12:15  Zergling x4, Hydralisk x2  
  193  12:16  Overlord  
  193  12:22  Overlord  
  197  12:24  Nydus Canal  
  197  12:27  Zergling x2  
  197  12:28  Zergling x2  
  197  12:29  Overlord  
  196  12:30  Zergling x2  
  196  12:32  Overlord  
  196  12:36  Zergling x2  
  197  12:37  Zergling x4  
  197  12:38  Zergling x2  
  197  12:39  Zergling x4  
  197  12:40  Zergling x2  
  197  12:41  Zergling x4  
  197  12:42  Zergling x2  
  197  12:43  Zergling x2  
  189  12:45  Zergling x4  
  189  12:46  Zergling x2  
  189  12:47  Zergling x2  
  189  12:50  Hydralisk  
  179  12:54  Zergling x2, Hydralisk  
  179  12:55  Hydralisk  
  161  13:02  Hydralisk  
  161  13:03  Hydralisk  
  161  13:04  Corruptor x2  
  153  13:05  Corruptor  
  153  13:08  Drone  
  153  13:10  Corruptor x3  
  162  13:14  Baneling x9, Drone  
  163  13:20  Corruptor x2  
  165  13:32  Hydralisk  
  166  13:34  Overlord  
  166  13:39  Zergling x4  
  166  13:40  Drone  
  165  13:41  Hydralisk  
  165  13:44  Lurker x4  
  165  13:45  Lurker  
  165  13:47  Hydralisk  
  174  13:50  Zerg Melee Weapons Level 1  
  174  13:54  Overlord  
  174  13:56  Zergling x2  
  174  13:58  Zergling x2  
  174  14:00  Zergling x4, Overlord  
  178  14:05  Hatchery, Hydralisk  
  176  14:12  Nydus Canal  
  176  14:14  Hydralisk  
  176  14:15  Hydralisk x3  
  184  14:19  Lurker x5  
  184  14:21  Zergling x2  
  190  14:27  Brood Lord  
  189  14:39  Hydralisk x3  
  189  14:42  Overlord  
  189  14:44  Zergling x2, Hydralisk  
  197  14:47  Hydralisk  
  197  14:52  Zergling x4  
  188  14:53  Zergling x2  
  188  14:57  Hydralisk  
  188  14:58  Hydralisk  
  188  14:59  Overlord  
  181  15:00  Zergling x4  
  181  15:01  Zergling x2  
  181  15:04  Overlord x2  
  181  15:05  Overlord  
  181  15:06  Zergling x2, Overseer x3  
  182  15:07  Zergling x4  
  182  15:08  Zergling x2  
  182  15:09  Zergling x2  
  182  15:10  Zergling x2  
  182  15:11  Lurker x2  
  182  15:12  Zergling x2, Lurker x2  
  188  15:17  Lurker x4  
  188  15:19  Hydralisk x3  
  188  15:20  Zergling x2  
  199  15:24  Spine Crawler, Drone  
  199  15:25  Drone, Spine Crawler x2  
  199  15:27  Spine Crawler x2  
  191  15:28  Hydralisk x2  
  191  15:30  Spine Crawler  
  191  15:32  Hydralisk x2  
  191  15:34  Hydralisk  
  199  15:38  Hydralisk x2  
  199  15:39  Zergling x2, Hatchery  
  199  15:40  Zergling x2, Hydralisk  
  189  15:42  Hydralisk  
  189  15:43  Hydralisk  
  189  15:45  Hydralisk  
  189  15:48  Hydralisk  
  187  15:53  Hydralisk  
  187  15:54  Hydralisk  
  187  15:56  Hydralisk  
  188  15:59  Hydralisk  
  188  16:03  Hydralisk  
  182  16:04  Hydralisk  
  182  16:07  Hydralisk  
  182  16:09  Hydralisk  
  182  16:12  Hydralisk  
  182  16:15  Hydralisk  
  182  16:16  Hydralisk  
  185  16:20  Hydralisk  
  185  16:22  Hydralisk  
  189  16:27  Hydralisk x2  
  189  16:30  Hydralisk  
  189  16:32  Zergling x2  
  188  16:33  Zergling x4  
  184  16:48  Corruptor x4  
  192  16:55  Zerg Flyer Armor Level 1  
  192  16:57  Corruptor  
  192  16:59  Overseer x2  
  194  17:16  Corruptor x2  
  194  17:21  Overseer  
  194  17:22  Extractor  
  197  17:26  Spine Crawler  
  196  17:40  Hatchery  
  195  17:46  Corruptor  
  195  17:50  Corruptor x2  
  198  18:01  Corruptor  
  198  18:02  Corruptor  
  198  18:06  Corruptor  
  189  18:13  Corruptor  
  189  18:16  Zerg Ground Armor Level 2  
  189  18:17  Overlord  
  186  18:27  Zergling x2  
  186  18:28  Zergling x2  
  186  18:31  Zergling x4  
  186  18:32  Zergling x2  
  186  18:33  Zergling x6  
  186  18:34  Zergling x2  
  186  18:38  Corruptor x2  
  186  18:41  Corruptor  
  176  18:42  Corruptor  
  176  18:43  Corruptor x4  
  176  18:45  Infestor  
  176  18:47  Corruptor  
  164  18:49  Hydralisk x3  
  164  18:51  Zergling x2  
  164  18:52  Lurker  
  164  18:53  Lurker  
  164  18:54  Zergling x2  
  166  18:56  Hydralisk  
  166  18:58  Hydralisk  
  175  19:03  Hydralisk x2  
  175  19:05  Hydralisk  
  175  19:06  Zergling x2  
  175  19:07  Zergling x2  
  175  19:10  Hydralisk  
  175  19:13  Hydralisk x3  
  175  19:14  Hydralisk  
  175  19:15  Hydralisk x2  
  175  19:16  Hydralisk  
  167  19:19  Hydralisk x2  
  167  19:22  Hydralisk  
  167  19:26  Hydralisk  
  167  19:27  Hydralisk  
  167  19:28  Hydralisk  
  167  19:31  Hydralisk  
  166  19:40  Overlord  
  166  19:42  Hydralisk  
  166  19:45  Drone  
  166  19:49  Hatchery, Hydralisk  
  161  19:57  Hydralisk x3  
  165  20:00  Overlord  
  165  20:03  Hydralisk, Overlord  
  161  20:08  Hydralisk  
  161  20:09  Hydralisk  
  165  20:16  Hydralisk x2  
  165  20:18  Zergling x4  
  165  20:20  Lurker  
  165  20:21  Lurker  
  173  20:22  Zergling x2, Overseer  
  174  20:30  Lurker x2  
  174  20:31  Hydralisk x3  
  174  20:33  Overseer x2  
  180  20:41  Zergling x2  
  180  20:42  Zergling x2  
  172  20:43  Drone  
  172  20:46  Hydralisk x2  
  172  20:48  Hydralisk x2  
  167  20:50  Hydralisk x2  
  167  20:55  Zergling x4  
  167  20:56  Zergling x2  
  167  20:57  Zergling x4  
  175  20:58  Zergling x2  
  175  21:01  Hydralisk  
  175  21:03  Hydralisk  
  171  21:04  Hydralisk  
  171  21:06  Zergling x2  
  171  21:08  Zergling x2  
  171  21:09  Zergling x2  
  171  21:10  Zergling x2  
  171  21:11  Zergling x2  
  176  21:14  Zergling x2  
  176  21:15  Zergling x4  
  176  21:16  Zergling x2  
  176  21:17  Zergling x2  
  176  21:18  Zergling x2  
  180  21:22  Zergling x2  
  180  21:23  Zergling x2  
  180  21:24  Zergling x2  
  171  21:25  Hydralisk  
  171  21:27  Zergling x2  
  171  21:28  Zergling x2  
  171  21:32  Zergling x4  
  174  21:33  Zergling x4  
  174  21:35  Zergling x2  
  174  21:37  Zergling x2  
Show
View Real Time Build Order
Export as new Build Order

PtitDrogo Protoss 

Build Orders: 1 Gate Expand, Oracle Opening, Phoenix Opening, Archon Immortal 

Get SALT Encoding   

  12  0:00  Probe  
  13  0:12  Probe  
  14  0:20  Pylon  
  14  0:24  Probe  
  15  0:30  Assimilator  
  15  0:38  Probe (Chrono Boost)  
  16  0:47  Gateway  
  16  0:48  Probe (Chrono Boost)  
  17  0:53  Probe (Chrono Boost)  
  18  1:05  Probe  
  19  1:17  Probe  
  20  1:24  Nexus  
  20  1:35  Cybernetics Core  
  20  1:37  Probe  
  21  1:42  Assimilator  
  21  1:49  Probe  
  21  1:52  Pylon  
  23  2:01  Probe  
  23  2:11  Adept (Chrono Boost), Stargate  
  23  2:13  Probe  
  26  2:18  Warp Gate  
  26  2:25  Probe  
  27  2:31  Adept  
  27  2:36  Probe (Chrono Boost)  
  30  2:43  Probe (Chrono Boost)  
  31  2:46  Probe (Chrono Boost)  
  31  2:50  Probe (Chrono Boost)  
  33  2:53  Probe  
  33  2:54  Phoenix (Chrono Boost)  
  36  3:02  Adept  
  36  3:03  Gateway  
  36  3:05  Probe  
  39  3:07  Probe  
  39  3:12  Pylon  
  40  3:18  Probe  
  41  3:21  Oracle (Chrono Boost)  
  41  3:23  Probe  
  45  3:30  Probe  
  46  3:36  Probe  
  46  3:38  Pylon  
  47  3:42  Probe  
  47  3:48  Probe  
  49  3:55  Nexus  
  49  3:56  Oracle  
  49  3:58  Probe  
  49  4:00  Probe  
  54  4:10  Probe  
  54  4:13  Robotics Facility  
  54  4:15  Assimilator  
  54  4:16  Probe  
  56  4:19  Assimilator  
  56  4:22  Probe  
  57  4:27  Shield Battery  
  57  4:28  Probe, Pylon  
  57  4:30  Gateway  
  58  4:37  Probe  
  59  4:47  Probe  
  59  4:48  Twilight Council, Forge  
  59  4:49  Probe  
  61  4:54  Pylon  
  61  4:59  Probe  
  62  5:02  Probe  
  63  5:07  Probe, Immortal (Chrono Boost)  
  68  5:16  Gateway  
  68  5:18  Probe, Gateway  
  68  5:19  Charge  
  69  5:21  Sentry x2  
  69  5:22  Probe, Gateway, Protoss Ground Weapons Level 1 (Chrono Boost)  
  69  5:23  Probe  
  75  5:33  Probe, Zealot  
  78  5:35  Probe  
  78  5:38  Pylon  
  79  5:46  Probe  
  79  5:47  Templar Archives  
  79  5:48  Probe x2  
  82  5:52  Assimilator  
  82  5:56  Assimilator  
  82  5:58  Probe, Observer  
  82  6:00  Probe x2  
  86  6:10  Probe  
  84  6:12  Probe  
  84  6:13  Probe  
  84  6:18  Robotics Facility  
  86  6:20  Gateway, Warp Prism (Chrono Boost)  
  86  6:24  Probe x2, Psionic Storm  
  86  6:25  Probe  
  91  6:31  Pylon  
  91  6:34  Pylon  
  91  6:36  Probe, Photon Cannon  
  91  6:38  Probe, Photon Cannon  
  93  6:45  Nexus  
  93  6:48  High Templar x3  
  93  6:53  Zealot x2  
  103  7:00  Pylon  
  100  7:01  High Templar  
  102  7:17  Protoss Ground Weapons Level 2 (Chrono Boost)  
  102  7:20  Photon Cannon  
  102  7:22  Immortal x2  
  110  7:24  Photon Cannon  
  110  7:26  Pylon  
  110  7:29  Stalker  
  112  7:30  Stalker  
  114  7:46  Zealot x4  
  118  7:59  Assimilator  
  118  8:04  Assimilator  
  118  8:09  High Templar x4  
  118  8:10  Zealot x2  
  118  8:12  Nexus  
  130  8:13  Archon x2  
  130  8:40  Zealot  
  132  8:44  Pylon  
  132  8:45  Pylon  
  132  8:46  Pylon  
  132  8:47  Pylon  
  132  8:53  Protoss Ground Weapons Level 3 (Chrono Boost)  
  132  8:56  Gateway  
  132  8:59  Gateway, Immortal x2 (Chrono Boost)  
  140  9:03  Pylon  
  140  9:14  Zealot x7  
  154  9:20  Photon Cannon  
  154  9:25  Blink (Chrono Boost)  
  154  9:35  Stalker x4  
  162  9:41  High Templar x2  
  162  9:42  Zealot  
  168  9:49  Archon  
  168  9:53  Oracle  
  168  9:57  Archon  
  153  10:03  Zealot x6  
  119  10:18  Immortal x2 (Chrono Boost)  
  119  10:19  High Templar x2  
  127  10:23  Stalker x3  
  127  10:24  Stalker  
  135  10:29  Probe x2  
  135  10:30  Probe  
  138  10:41  Probe  
  139  10:42  High Templar  
  139  10:43  High Templar  
  139  10:49  Immortal (Chrono Boost)  
  141  10:50  Probe x2  
  141  10:53  Probe  
  152  10:58  Phoenix, Photon Cannon  
  152  10:59  Immortal (Chrono Boost)  
  152  11:11  High Templar x2  
  152  11:12  Zealot x5  
  152  11:16  Archon  
  164  11:27  Zealot  
  164  11:28  Zealot  
  166  11:38  Immortal x2 (Chrono Boost), Archon x2  
  150  11:46  Fleet Beacon  
  158  11:47  Zealot x7  
  168  11:57  High Templar x2  
  172  12:08  Zealot x6  
  182  12:26  High Templar  
  174  12:30  Nexus  
  174  12:33  Pylon  
  174  12:38  Zealot x4  
  174  12:39  Zealot x3  
  176  12:49  Archon  
  162  12:52  Zealot  
  162  12:57  Mothership (Chrono Boost)  
  139  12:59  High Templar  
  139  13:00  High Templar x2  
  139  13:01  Zealot x4  
  161  13:08  Photon Cannon  
  161  13:11  Photon Cannon  
  161  13:12  Probe (Chrono Boost)  
  162  13:13  Carrier (Chrono Boost)  
  162  13:19  High Templar x2  
  166  13:23  Protoss Shields Level 1  
  172  13:28  Stargate  
  172  13:30  Stargate  
  172  13:33  Zealot x4  
  158  13:49  Protoss Air Weapons Level 1 (Chrono Boost)  
  158  13:51  Graviton Catapult  
  158  14:06  Assimilator  
  158  14:08  Assimilator  
  152  14:10  Carrier (Chrono Boost)  
  152  14:11  Carrier (Chrono Boost)  
  164  14:19  Stalker  
  164  14:20  Stalker x2  
  170  14:30  Tempest  
  176  14:38  Stalker x2  
  176  14:39  Stalker x3  
  138  15:07  Immortal (Chrono Boost)  
  134  15:08  High Templar  
  134  15:09  High Templar x3, Zealot  
  134  15:10  Zealot x4  
  134  15:12  Tempest (Chrono Boost)  
  156  15:14  Immortal (Chrono Boost), Archon x2  
  156  15:30  Oracle x2 (Chrono Boost)  
  156  15:33  Zealot x5  
  138  15:45  Zealot x4  
  122  15:55  Zealot x3  
  122  15:56  Zealot x2  
  130  16:12  High Templar x4  
  138  16:23  Carrier (Chrono Boost)  
  136  16:25  Protoss Air Weapons Level 2 (Chrono Boost)  
  136  16:26  Zealot x4  
  136  16:27  Zealot  
  144  16:55  Nexus  
  144  16:57  Pylon  
  138  17:02  High Templar  
  138  17:05  High Templar x2  
  138  17:06  Zealot  
  146  17:09  Archon  
  146  17:14  High Templar x2, Zealot x3  
  156  17:19  Archon, Photon Cannon  
  156  17:31  Carrier (Chrono Boost)  
  162  17:39  Dark Shrine  
  162  17:41  Assimilator  
  162  17:42  Zealot x2  
  166  17:47  Zealot  
  156  17:52  Zealot x2  
  155  18:04  Zealot x3  
  156  18:20  Stalker x2  
  156  18:23  Stalker x2  
  137  18:46  Archon  
  117  18:52  Zealot x9  
  122  19:02  Observer x2  
  103  19:16  Stalker  
  103  19:17  Stalker x4  
  95  19:26  Observer  
  79  19:39  High Templar x4  
  79  19:40  High Templar  
  79  19:42  Assimilator  
  79  19:43  Zealot x4  
  97  20:05  Dark Templar x2  
  101  20:10  Immortal x2 (Chrono Boost)  
  101  20:13  Photon Cannon  
  109  20:15  Zealot  
  111  20:24  Zealot x3  
  115  20:41  Stalker x4  
  113  21:10  Nexus  
  101  21:28  High Templar x3, Zealot  
  101  21:29  Zealot x2  
  101  21:32  Archon  
  103  21:34  Archon  
  103  21:35  Zealot  
  69  21:44  Zealot  
  49  21:50  High Templar  
  49  21:51  High Templar x2  
Tags
 
Add a new tag
Caveats
  • Supply blocks, unpowered buildings, or Contaminate may cause inaccurate times.
  • Supply counts are checked every 10 seconds.